 Dungeon Crawl Stone Soup version 0.29.1-12-g30fa7ad0bf (webtiles) character file.

Game seed: 13698090822295178449

461 nightchill the Chopper (level 6, -5/57 HPs)
             Began as a Minotaur Fighter on Jan 16, 2023.
             Slain by Pikel
             ... wielding a +2 whip of electrocution
              (11 damage)
             ... on level 4 of the Dungeon.
             The game lasted 00:04:53 (2940 turns).

nightchill the Chopper (Minotaur Fighter)           Turns: 2940, Time: 00:04:53

Health: -5/57      AC:  6    Str: 23    XL:     6   Next: 79%
Magic:  5/5        EV:  9    Int:  5    God:
Gold:   174        SH:  4    Dex:  9    Spells: 5/5 levels left

rFire   . . .      SeeInvis .   a - +0 war axe
rCold   . . .      Faith    .   c - +0 buckler
rNeg    . . .      Spirit   .   b - +0 scale mail
rPois   .          Reflect  .   (helmet restricted)
rElec   .          Harm     .   (no cloak)
rCorr   +          Rampage  .   (no gloves)
Will    .....                   (no boots)
Stlth   ..........              (no amulet)
HPRegen 0.19/turn               f - ring of resist corrosion
MPRegen 0.09/turn               (no ring)

@: invisible
A: horns 2, retaliatory headbutt
a: no special abilities


You were on level 4 of the Dungeon.
You visited 1 branch of the dungeon, and saw 4 of its levels.

You collected 174 gold pieces.

Inventory:

Hand Weapons
 a - a +0 war axe (weapon)
Armour
 b - a +0 scale mail (worn)
 c - a +0 buckler (worn)
Jewellery
 f - a ring of resist corrosion (left hand)
Scrolls
 e - a scroll of teleportation
 j - 2 scrolls of fear
 l - a scroll of enchant weapon {unknown}
 m - a scroll of poison {unknown}
 n - a scroll of fog
 o - a scroll of immolation {unknown}
 s - a scroll of summoning {unknown}
Potions
 d - a potion of degeneration {unknown}
 h - 2 potions of brilliance {unknown}
 i - 2 potions of magic
 p - a potion of ambrosia {unknown}
 q - 2 potions of curing {unknown}
 r - a potion of attraction {unknown}


   Skills:
 + Level 6.1 Fighting
 * Level 7.4 Axes
 - Level 3.6 Armour
 - Level 3.6 Shields


You had 5 spell levels left.
You didn't know any spells.
Your spell library contained the following spells:

 Spells                   Type           Power      Damage    Failure   Level
 Foxfire                  Conj/Fire      0%         2x1d4     86%         1
 Conjure Flame            Conj/Fire      0%         6-21      99%         3
 Ignite Poison            Fire/Tmut/Pois 0%         N/A       99%         3
 Inner Flame              Hex/Fire       0%         N/A       99%         3
 Mephitic Cloud           Conj/Pois/Air  0%         N/A       99%         3
 Flame Wave               Conj/Fire      0%         2d4       100%        4
 Summon Ice Beast         Ice/Summ       0%         N/A       100%        4
 Freezing Cloud           Conj/Ice/Air   0%         6-21      100%        5
 Summon Mana Viper        Hex/Summ       0%         N/A       100%        5
 Monstrous Menagerie      Summ           0%         N/A       100%        7


Dungeon Overview and Level Annotations

Branches:
Dungeon (4/15)
 Temple: D:4-7

Altars:
Trog

Annotations:
D:2 1 runed translucent door, Crazy Yiuf
D:3 exclusion: downstairs
D:4 Menkaure, Pikel


Innate Abilities, Weirdness & Mutations

You have a pair of horns on your head.
You reflexively headbutt those who attack you in melee.


Message History

You start resting.
HP restored.
f - a ring of resist corrosion (left hand)
You see here a jackal corpse.
Pikel, Merchant of Souls comes into view.
He is wielding a +2 whip of electrocution.
You see here a jackal corpse.
You see here an adder corpse.
Pikel hits you with a +2 whip of electrocution.
You see here an adder corpse.
You closely miss Pikel. Your headbutt misses Pikel. You block Pikel's attack.
You completely miss Pikel.
Pikel hits you with a +2 whip of electrocution.
You completely miss Pikel.
Pikel hits you with a +2 whip of electrocution.
You are electrocuted!
You block Pikel's attack.
You slash Pikel!
Pikel is moderately wounded.
Pikel hits you but does no damage.
You hit Pikel. Your headbutt misses Pikel.
Pikel is moderately wounded.
Pikel hits you with a +2 whip of electrocution!
* * * LOW HITPOINT WARNING * * *
You are electrocuted!!
* * * LOW HITPOINT WARNING * * *
You fade into invisibility!
Pikel barely misses you.
You closely miss Pikel. Your headbutt misses Pikel.
Pikel is moderately wounded.
Pikel closely misses you.
You slash Pikel!
Pikel is heavily wounded.
Pikel hits you with a +2 whip of electrocution.
* * * LOW HITPOINT WARNING * * *
You slash Pikel! Your headbutt misses Pikel.
Pikel is almost dead.
Pikel hits you with a +2 whip of electrocution.
* * * LOW HITPOINT WARNING * * *
You are electrocuted!
You die...

#K.....##†..#
#.#
#......####.#
#.# #.# #.#
#.## #.#
#..#### ##.#
##....# #..#
####.# #.##
#K#######.#
####.@.#.....#
+.....>..#####
##########


You could see Pikel (unable to see you).

Vanquished Creatures
  Duvessa (D:4)
  Dowan (D:4)
  A howler monkey (D:3)
  An orc priest (D:3)
  A hound (D:4)
  An orc wizard (D:3)
  Robin (D:2)
  4 gnolls (D:4)
  4 adders
  3 worms
  3 dart slugs
  9 orcs (D:3)
  5 endoplasms
  3 giant cockroaches
  15 goblins
  11 hobgoblins
  9 jackals
  4 kobolds
  4 quokkas
  4 ball pythons
  5 bats
  2 frilled lizards (D:3)
  6 rats (D:1)
98 creatures vanquished.

Notes
Turn   | Place    | Note
-------+----------+-------------------------------------------
     0 | D:1      | nightchill the Minotaur Fighter began the quest for the
                  | Orb.
     0 | D:1      | Reached XP level 1. HP: 19/19 MP: 0/0
   128 | D:1      | Reached skill level 3 in Axes
   154 | D:1      | Reached XP level 2. HP: 27/27 MP: 1/1
   646 | D:2      | Reached skill level 4 in Axes
   646 | D:2      | Reached XP level 3. HP: 33/33 MP: 2/2
   698 | D:2      | Noticed Robin
   715 | D:2      | Killed Robin
   721 | D:2      | Reached XP level 4. HP: 36/41 MP: 3/3
   895 | D:2      | Found a runed translucent door.
   896 | D:2      | Noticed Crazy Yiuf
  1318 | D:3      | Reached skill level 5 in Axes
  1539 | D:3      | Reached skill level 5 in Fighting
  1539 | D:3      | Reached XP level 5. HP: 34/48 MP: 4/4
  1676 | D:3      | Found a bloodstained altar of Trog.
  1756 | D:3      | Found a faded altar of an unknown god.
  2101 | D:4      | Noticed Duvessa
  2114 | D:4      | Noticed Dowan
  2126 | D:4      | Killed Duvessa
  2127 | D:4      | Reached skill level 6 in Axes
  2127 | D:4      | Reached XP level 6. HP: 25/56 MP: 5/5
  2130 | D:4      | Killed Dowan
  2335 | D:4      | Reached skill level 7 in Axes
  2440 | D:4      | Noticed Menkaure
  2909 | D:4      | Noticed Pikel
  2940 | D:4      | Slain by Pikel

Illustrated notes

Levels and vault maps discovered:
D:1:      dpeg_arrival_tiny_d, layout_rooms, st_stairs_9, minivault_11
D:2:      layout_basic, uniq_robin, uniq_crazy_yiuf_cottage
D:3:      layout_loops_cross, mainiacjoe_overflow_alcove_4,
          ebering_ecumenical_altar_sacrificial
D:4:      layout_basic, gammafunk_ghost_necromancy, uniq_duvessa, uniq_pikel,
          uniq_menkaure

Skill      XL: |  1  2  3  4  5  6 |
---------------+-------------------+-----
Axes           | 3 4 5 6 7 |  7.4
Fighting       | 4 5 6 |  6.1
Armour         | |  3.6
Shields        | |  3.6

Action                   |  1- 3 |  4- 6 || total
-------------------------+-------+-------++-------
Melee: War axe           |    75 |   138 ||   213
       Headbutt          |     8 |    21 ||    29
  Use: Scroll            |       |     6 ||     6
       Potion            |       |     3 ||     3
Armor: Scale mail        |    44 |    63 ||   107
Dodge: Dodged            |    40 |    58 ||    98
Block: Buckler           |    24 |    21 ||    45
